Map: Dusk Towers

Players

Philosotoss

  • Race: Protoss Protoss
  • League: Gold

Lincolnxl - Winner!

  • Race: Zerg Zerg
  • League: Gold

VOD

Have the link to the VOD?

Description

Time

  • Played on: May 28, 2016, 9:46 p.m.
  • Length: 5:14
Show
View Real Time Build Order
Export as new Build Order

Philosotoss Protoss 

Build Orders: 1 Gate Expand, Immortal All-In 

Get SALT Encoding   

  12  0:02  Probe (Chrono Boost)  
  13  0:12  Probe (Chrono Boost)  
  14  0:19  Pylon  
  14  0:23  Probe (Chrono Boost)  
  15  0:37  Gateway  
  15  0:40  Probe (Chrono Boost)  
  16  0:44  Assimilator  
  16  0:51  Probe (Chrono Boost)  
  17  1:01  Probe (Chrono Boost)  
  18  1:12  Probe (Chrono Boost)  
  19  1:21  Nexus  
  19  1:31  Cybernetics Core  
  19  1:34  Probe (Chrono Boost)  
  19  1:39  Assimilator  
  20  1:48  Pylon  
  20  1:52  Probe (Chrono Boost)  
  21  2:02  Probe (Chrono Boost)  
  22  2:13  Mothership Core (Chrono Boost)  
  22  2:15  Adept  
  26  2:18  Warp Gate  
  26  2:32  Probe (Chrono Boost)  
  28  2:37  Probe (Chrono Boost)  
  28  2:42  Probe (Chrono Boost)  
  28  2:47  Robotics Facility  
  28  2:51  Probe (Chrono Boost)  
  29  2:54  Probe (Chrono Boost)  
  30  3:05  Adept  
  32  3:06  Probe (Chrono Boost)  
  32  3:07  Probe (Chrono Boost)  
  34  3:17  Probe x2 (Chrono Boost)  
  36  3:27  Probe x2 (Chrono Boost)  
  36  3:32  Pylon  
  38  3:34  Warp Prism (Chrono Boost)  
  38  3:37  Adept  
  42  3:42  Probe  
  42  3:43  Probe  
  44  3:52  Probe  
  44  3:55  Probe  
  46  3:56  Pylon  
  46  4:03  Probe  
  46  4:07  Immortal (Chrono Boost), Probe  
  48  4:27  Sentry, Probe  
  48  4:29  Probe  
  52  4:38  Probe  
  50  4:41  Probe  
  50  4:43  Gateway  
  50  4:46  Gateway  
  50  4:48  Gateway, Probe  
  50  4:50  Gateway  
  44  4:53  Pylon, Probe  
  44  4:59  Probe  
  44  5:05  Pylon  
Show
View Real Time Build Order
Export as new Build Order

Lincolnxl Zerg - Winner!

Build Orders: Pool First, Ravager Aggression 

Get SALT Encoding   

  12  0:01  Drone  
  13  0:13  Overlord  
  13  0:23  Drone  
  14  0:31  Drone  
  14  0:32  Drone  
  16  0:36  Drone  
  17  0:47  Drone, Extractor  
  17  0:57  Spawning Pool  
  17  0:59  Drone  
  17  1:11  Drone  
  18  1:25  Drone  
  19  1:31  Hatchery  
  18  1:36  Drone  
  19  1:44  Queen  
  19  1:46  Zergling x2  
  22  1:50  Metabolic Boost  
  22  2:06  Roach Warren  
  21  2:13  Drone  
  21  2:15  Overlord  
  22  2:46  Roach x3  
  22  2:47  Roach  
  30  2:54  Roach x3  
  30  2:56  Overlord  
  36  3:13  Overlord  
  35  3:24  Roach x2  
  35  3:25  Roach  
  35  3:26  Zergling x4  
  43  3:29  Overlord  
  43  3:34  Zergling x2  
  44  3:41  Zergling x4  
  46  3:50  Zergling x6  
  50  3:55  Ravager  
  50  3:57  Zergling x2  
  50  4:00  Zergling x2  
  52  4:09  Queen  
  49  4:24  Zergling x6  
  49  4:25  Zergling x4  
  49  4:28  Ravager  
  50  4:49  Zergling x6  
  50  4:50  Zergling x6  
Tags
 
Add a new tag
Caveats
  • Supply blocks, unpowered buildings, or Contaminate may cause inaccurate times.
  • Supply counts are checked every 10 seconds.